 Dungeon Crawl Stone Soup version 0.30.0-17-ge0270778cf (webtiles) character file.

Game seed: 10849449931791667256

955 mn3067 the Cruncher (level 8, 0/39 HPs)
             Began as a Gargoyle Gladiator on May 21, 2023.
             Was a Follower of Trog.
             Killed by divine providence
             ... invoked by an orc priest
              (12 damage)
             ... on level 5 of the Dungeon.
             The game lasted 00:08:01 (3889 turns).

mn3067 the Cruncher (Gargoyle Gladiator)            Turns: 3889, Time: 00:08:02

Health: 0/39       AC: 12    Str: 20    XL:     8   Next: 14%
Magic:  8/8        EV: 11    Int:  7    God:    Trog [*.....]
Gold:   326        SH:  0    Dex: 11    Spells: 7/7 levels left

rFire   . . .        a - +0 quarterstaff
rCold   + . .        (shield currently unavailable)
rNeg    + . .        n - +0 ring mail
rPois   ∞            c - +0 helmet
rElec   +            (no cloak)
rCorr   .            (no gloves)
SInv    .            l - +0 pair of boots
Will    +....        (no amulet)
Stlth   +            h - ring of willpower
HPRegen 0.26/turn    p - ring of protection from cold
MPRegen 0.11/turn

%: no passive effects
@: no status effects
A: sickness immunity, AC +5, negative energy resistance 1, electricity
resistance, torment resistance 1, petrification resistance, dopey 1, frail 1
a: Renounce Religion, Berserk


You were on level 5 of the Dungeon.
You worshipped Trog.
Trog was aware of your devotion.
You visited 1 branch of the dungeon, and saw 5 of its levels.

You collected 326 gold pieces.

Inventory:

Hand Weapons
 a - a +0 quarterstaff (weapon)
Missiles
 d - 2 throwing nets (quivered)
 e - a javelin
Armour
 b - a +0 leather armour
 c - a +0 helmet (worn)
 l - a +0 pair of boots (worn)
 n - a +0 ring mail (worn)
Jewellery
 h - a ring of willpower (left hand)
 p - a ring of protection from cold (right hand)
 t - a ring of magical power
 y - an amulet of guardian spirit
Scrolls
 f - 4 scrolls of identify {unknown}
 g - a scroll of poison {unknown}
 i - 2 scrolls of silence {unknown}
 k - a scroll of blinking {unknown}
 m - 2 scrolls of fear {unknown}
 o - 2 scrolls of amnesia {unknown}
 u - 2 scrolls of brand weapon {unknown}
 v - 2 scrolls of teleportation {unknown}
 A - a scroll of fog {unknown}
 B - a scroll of vulnerability {unknown}
Potions
 j - a potion of brilliance {unknown}
 q - 3 potions of curing {unknown}
 r - 2 potions of heal wounds
 s - a potion of lignification {unknown}
 w - a potion of haste {unknown}
 x - 2 potions of mutation
 z - 2 potions of attraction {unknown}


   Skills:
 - Level 2.1 Fighting
 + Level 9.6 Staves
 - Level 1.7 Throwing
 - Level 2.4 Dodging


You had 7 spell levels left.
You didn't know any spells.
Your spell library contained the following spells:

 Spells                   Type           Power      Damage    Failure   Level
 Beastly Appendage        Tmut           0%         N/A       63%         1
 Foxfire                  Conj/Fire      0%         2x1d4     63%         1
 Wereblood                Tmut           0%         N/A       77%         2
 Frozen Ramparts          Ice            0%         1d1       94%         3
 Inner Flame              Hex/Fire       0%         N/A       94%         3
 Spider Form              Tmut/Pois      0%         N/A       94%         3
 Ice Form                 Ice/Tmut       0%         N/A       100%        4
 Summon Ice Beast         Ice/Summ       0%         N/A       100%        4
 Fireball                 Conj/Fire      0%         3d3       100%        5
 Yara's Violent Unravell  Hex/Tmut       0%         3d3       100%        5
 Plasma Beam              Fire/Air       0%         2x1d11    100%        6
 Starburst                Conj/Fire      0%         6d3       100%        6
 Enfeeble                 Hex            0%         N/A       100%        7


Dungeon Overview and Level Annotations

Branches:
Dungeon (5/15)
 Temple: D:4-7

Altars:
Elyvilon
Hepliaklqana
Okawaru
Ru
Trog
Uskayaw
Wu Jian


Innate Abilities, Weirdness & Mutations

You are immune to sickness and miasma.
Your stone body is resilient. (AC +5)
You are immune to poison.
You resist negative energy. (rN+)
You are resistant to electric shocks. (rElec)
You are resistant to unholy torment.
You are immune to petrification.
You are dopey. (Int -2)
You are frail. (-10% HP)


Message History

The orc shouts!
You hear a shout! x2
The orc moves out of view.
An orc comes into view. It is wielding a +0 falchion.
An orc is nearby!
An orc is nearby!
An orc is nearby!
An orc is nearby!
An orc is nearby!
An orc is nearby!
The orc shouts!
You hear a shout!
A scorpion comes into view.
An orc comes into view. It is wielding a +0 club.
An orc wizard comes into view. It is wielding a +0 dagger.
The orc wizard shouts!
You hear a shout!
An orc wizard comes into view. It is wielding a +0 dagger.
An orc priest comes into view. It is wielding a +0 dagger.
An orc wizard comes into view. It is wielding a +0 dagger.
An ogre comes into view. It is wielding a +0 giant club.
The orc wizard shouts!
The scorpion attacks as you move away! The scorpion barely misses you.
A scorpion comes into view.
The orc priest calls down the wrath of Beogh upon you.
Beogh smites you! The scorpion attacks as you move away!
The scorpion stings you but does no damage. x2
The scorpion attacks as you move away! The scorpion completely misses you.
The scorpion stings you but does no damage.
You barely miss the scorpion.
The orc priest mumbles some strange prayers to Beogh against you.
Beogh smites you! The scorpion closely misses you.
The scorpion stings you but does no damage.
You hear a bark!
The orc priest miscasts a cantrip.
The scorpion stings you. The scorpion attacks as you move away!
The scorpion stings you but does no damage.
The scorpion completely misses you.
The orc priest calls down the wrath of Beogh upon you.
Beogh smites you!
You die...

# #..#o#.## #.##.# #...#
#....#..o.# #.# ..## #...#
###..#...o####.# ..# ##...#
#......oO..#.####.# ##....# .
#..#...........##.###.....##..
##.##.#.#......##......#...#..
#....#........))....###.#.#.#
#..######s...)).....#..).#.#
#.# ##s@..#............# ..
#..#...#.........## ..
.......#..##.#.)...#
.....#>........#.##.##
..###..............##..# .
#.#............###.#
#..............# #..
####...........####.
#................


You could see an ogre, 2 scorpions, an orc priest, an orc wizard and an orc.

Vanquished Creatures
  Pikel (D:4)
  2 lemures (D:4)
  A scorpion (D:5)
  A gnoll bouda (D:3)
  An orc priest (D:4)
  2 iguanas (D:4)
  2 orc wizards (D:4)
  6 gnolls
  11 adders
  An ufetubus (D:5)
  2 worms (D:2)
  A dart slug (D:3)
  14 orcs
  4 bats
  8 endoplasms
  5 giant cockroaches
  4 goblins
  5 hobgoblins
  9 jackals
  7 quokkas
  9 ball pythons
  5 frilled lizards
  10 kobolds
  3 rats
114 creatures vanquished.

Notes
Turn   | Place    | Note
-------+----------+-------------------------------------------
     0 | D:1      | mn3067 the Gargoyle Gladiator began the quest for the Orb.
     0 | D:1      | Reached XP level 1. HP: 12/12 MP: 1/1
   180 | D:1      | Reached XP level 2. HP: 17/17 MP: 2/2
   670 | D:2      | Reached skill level 4 in Staves
   756 | D:2      | Reached XP level 3. HP: 21/21 MP: 3/3
  1132 | D:2      | Reached XP level 4. HP: 24/26 MP: 4/4
  1342 | D:2      | Reached skill level 5 in Staves
  1726 | D:3      | Found a large runed translucent door.
  1728 | D:3      | Found a large runed translucent door.
  1986 | D:3      | Found a hide-covered altar of Uskayaw.
  2076 | D:3      | Found a faded altar of an unknown god.
  2474 | D:3      | Found a sacrificial altar of Ru.
  2483 | D:3      | Found a hazy altar of Hepliaklqana.
  2545 | D:4      | Reached XP level 5. HP: 30/30 MP: 5/5
  2546 | D:4      | Noticed a lemure
  2546 | D:4      | Noticed a lemure
  2546 | D:4      | Noticed Pikel
  2546 | D:4      | Noticed a lemure
  2586 | D:4      | Killed a lemure
  2594 | D:4      | Killed a lemure
  2658 | D:4      | Noticed a lemure
  2666 | D:4      | Killed Pikel
  2667 | D:4      | Reached skill level 8 in Staves
  2667 | D:4      | Reached XP level 6. HP: 16/35 MP: 6/6
  2667 | D:4      | Reached XP level 7. HP: 18/40 MP: 7/7
  2776 | D:4      | Found an ornate altar of the Wu Jian Council.
  2968 | D:4      | Found a white marble altar of Elyvilon.
  3093 | D:4      | Found a bloodstained altar of Trog.
  3093 | D:4      | Found an iron altar of Okawaru.
  3138 | D:4      | Became a worshipper of Trog the Wrathful
  3319 | D:3      | Reached skill level 9 in Staves
  3570 | D:4      | Gained mutation: You are dopey. (Int -2) [potion of
                  | mutation]
  3570 | D:4      | Gained mutation: You are frail. (-10% HP) [potion of
                  | mutation]
  3579 | D:4      | Reached XP level 8. HP: 38/39 MP: 8/8
  3735 | D:5      | Entered Level 5 of the Dungeon
  3767 | D:5      | Reached * piety under Trog
  3889 | D:5      | Killed from afar by an orc priest

Illustrated notes

Levels and vault maps discovered:
D:1:      tarquinn_simple_flora_water_f, layout_basic
D:2:      minmay_evil_eye, layout_basic
D:3:      layout_basic, mainiacjoe_overflow_alcove_2, jmf_multi_god_temple2,
          shapermc_ecumenical_altar_starsandcircs, minivault_14
D:4:      layout_basic, grunt_temple_overflow_bloody_war,
          chequers_temple_overflow_statue_of_worship, nicolae_half_adder,
          uniq_pikel
D:5:      layout_rooms, serial_curves, eino_curves_04, eino_curves_01,
          serial_shops, nicolae_shop_overgrown_old_shop, nicolae_lakefront_shop,
          shop, minmay_misc_feat_columns, uniq_duvessa

Skill      XL: |  1  2  3  4  5  6  7 |
---------------+----------------------+-----
Staves         | 4 5 8 9 |  9.6
Fighting       | |  2.1
Throwing       | |  1.7
Dodging        | |  2.4

Action                     |  1- 3 |  4- 6 |  7- 9 || total
---------------------------+-------+-------+-------++-------
  Melee: Quarterstaff      |   107 |   130 |   197 ||   434
  Throw: Throwing net      |       |     3 |       ||     3
 Invoke: Berserk           |       |       |     1 ||     1
    Use: Potion            |       |       |     2 ||     2
   Stab: Held in net/web   |       |     2 |       ||     2
 Armour: Leather armour    |    16 |       |       ||    16
         Ring mail         |    20 |    90 |    80 ||   190
  Dodge: Dodged            |    64 |    68 |   119 ||   251
